 Dungeon Crawl Stone Soup version 0.22-a0-181-gb22368a (webtiles) character file.

1845 Amnesiac the Magician (level 8, -5/52 HPs)
             Began as a Mummy Earth Elementalist on Feb 14, 2018.
             Was a Follower of Ashenzari.
             Slain by an orc warrior
             ... wielding a +0 scimitar
              (23 damage)
             ... on level 7 of the Dungeon.
             The game lasted 00:14:06 (7340 turns).

Amnesiac the Magician (Mummy Earth Elementalist)    Turns: 7340, Time: 00:14:06

Health: -5/52      AC:  2    Str: 12    XL:     8   Next: 88%
Magic:  12/17      EV: 12    Int: 16    God:    Ashenzari [*.....]
Gold:   188        SH:  0    Dex: 12    Spells: 2/20 levels left

rFire    x . .     SeeInvis .   a - +2 dagger (drain)
rCold    + . .     Gourm    .   (no shield)
rNeg     + + +     Faith    .   c - +0 robe
rPois    ∞         Spirit   .   (no helmet)
rElec    .         Reflect  .   (no cloak)
rCorr    .         Harm     .   (no gloves)
MR       ++...                  (no boots)
Stlth    ++........             (no amulet)
HPRegen  0.17/turn              h - ring of protection from magic
MPRegen  0.15/turn              (no ring)

@: no status effects
A: no food or potions, fire vulnerability, cold resistance 1, negative energy
resistance 3, torment resistance, unbreathing
a: Curse Item, Scrying, Renounce Religion


You were on level 7 of the Dungeon.
You worshipped Ashenzari.
Ashenzari was aware of your devotion.
You were not hungry.

You visited 1 branch of the dungeon, and saw 7 of its levels.

You collected 188 gold pieces.

Inventory:

Hand Weapons
 a - a +2 dagger of draining (weapon)
Missiles
 b - 93 stones (quivered)
 f - 41 sling bullets
 r - 10 poisoned needles
Armour
 c - a +0 robe (worn)
 m - a +0 buckler
 n - a cursed +0 leather armour
 t - a cursed +0 robe
Jewellery
 h - a ring of protection from magic (left hand)
 v - a +4 ring of evasion
Wands
 g - a wand of polymorph (26)
 u - a wand of random effects (24)
 w - a wand of disintegration (10)
Scrolls
 e - 2 scrolls of teleportation {!r}
 i - a scroll of immolation {!r, unknown}
 k - 2 scrolls of fog {!r, unknown}
 l - 2 scrolls of enchant weapon {!r, unknown}
 o - 2 scrolls of fear {!r, unknown}
 p - 3 scrolls of remove curse {!r}
 q - 2 scrolls of magic mapping {!r, unknown}
 s - 6 scrolls of identify {!r, unknown}
Books
 d - a book of Geomancy

   Spells                             Type                      Level
   a - Sandblast                      Earth                        1
   b - Passwall                       Transmutation/Earth          2
   c - Stone Arrow                    Conjuration/Earth            3
   d - Petrify                        Transmutation/Earth          4
   e - Lee's Rapid Deconstruction     Earth                        5
 j - a book of Misfortune

   Spells                             Type                      Level
   a - Confusing Touch                Hexes                        1
   b - Confuse                        Hexes                        3
   c - Gell's Gravitas                Translocation                3
   d - Petrify                        Transmutation/Earth          4
   e - Metabolic Englaciation         Hexes/Ice                    5
   f - Yara's Violent Unravelling     Hexes/Transmutation          5


   Skills:
 - Level 3.0 Short Blades
 - Level 1.5 Dodging
 - Level 3.0 Stealth
 - Level 6.5 Spellcasting
 + Level 5.6 Transmutations
 + Level 5.6 Earth Magic


You had 2 spell levels left.
You knew the following spells:

 Your Spells              Type           Power        Failure   Level  Hunger
a - Sandblast             Erth           ###...       1%          1    N/A
b - Passwall              Tmut/Erth      ###.......   1%          2    N/A
c - Yara's Violent Unrav  Hex/Tmut       ##........   75%         5    N/A
d - Lee's Rapid Deconstr  Erth           ###.......   34%         5    N/A
e - Petrify               Tmut/Erth      ###.....     13%         4    N/A
z - Confusing Touch       Hex            #.....       13%         1    N/A

Dungeon Overview and Level Annotations

Branches:
Dungeon (7/15)             Temple (0/1) D:4

Altars:
Ashenzari
Elyvilon
Hepliaklqana
Kikubaaqudgha
Trog


Innate Abilities, Weirdness & Mutations

You do not eat or drink.
Your flesh is vulnerable to fire.
You are immune to poison.
Your flesh is cold resistant. (rC+)
You are immune to negative energy. (rN+++)
You are immune to unholy pain and torment.
You can survive without breathing.


Message History

Aiming: Petrify (safe; 13% risk of failure)
Press: ? - help, Shift-Dir - straight line, f - quokka skeleton
Aim: a quokka skeleton (chance to defeat MR: 69%)
The quokka skeleton struggles to resist.
Unknown command.
The quokka skeleton bites you.
You barely miss the quokka skeleton.
The quokka skeleton bites you but does no damage.
You hit the quokka skeleton.
The quokka skeleton is heavily damaged.
The quokka skeleton bites you.
You hit the quokka skeleton.
The quokka skeleton is heavily damaged.
The quokka skeleton closely misses you.
You hit the quokka skeleton.
You destroy the quokka skeleton!
An orc and an orc priest come into view.
There are monsters nearby!
There are monsters nearby!
Casting: Petrify (safe; 13% risk of failure)
Confirm with . or Enter, or press ? or * to list all spells.
Which direction?
Okay, then.
You start resting.
Magic restored.
Casting: Passwall (safe; 1% risk of failure)
Confirm with . or Enter, or press ? or * to list all spells.
Which direction?
You begin to meditate on the wall.
You continue meditating on the rock. x2
You finish merging with the rock.
Found a scroll labeled NAUPLY FUEMN.
Found a stone staircase leading up.
An orc warrior comes into view. It is wielding a scimitar.
The helpless orc fails to defend itself.
You puncture the orc!
You kill the orc!
The orc warrior shouts!
The orc priest shouts!
The orc warrior hits you with a scimitar!
Casting: Passwall (safe; 1% risk of failure)
Confirm with . or Enter, or press ? or * to list all spells.
Aiming: Petrify (safe; 13% risk of failure)
Press: ? - help, Shift-Dir - straight line, f - orc warrior
Aim: an orc warrior, wielding a scimitar and wearing a chain mail (chance to defeat MR: 52%)
Okay, then.
Casting: Petrify (safe; 13% risk of failure)
Confirm with . or Enter, or press ? or * to list all spells.
Aiming: Sandblast (safe; 1% risk of failure)
Press: ? - help, Shift-Dir - straight line The blast of sand hits the orc priest.
The orc priest is heavily wounded.
b - 93 stones The orc priest invokes the aid of Beogh against you.
Beogh smites you!
The orc warrior hits you with a scimitar!
* * * LOW HITPOINT WARNING * * *
Unknown command.
Casting: Sandblast (safe; 1% risk of failure)
Confirm with . or Enter, or press ? or * to list all spells.
Aiming: Petrify (safe; 13% risk of failure)
Press: ? - help, Shift-Dir - straight line, f - orc warrior
Aim: an orc warrior, wielding a scimitar and wearing a chain mail (chance to defeat MR: 52%)
The orc warrior is moving more slowly.
The orc priest looks encouraged for a moment.
The orc warrior hits you with a scimitar!!
You die...

################
..<.............
...##########.o.)......
#......@o..##.##...####
#.########o##.# ..?....
#.............# ...####
#...<......#### ...#
#.#####...>...# ...#
#.......# #.##
#.......# .. #.......#
#........+


You could see an orc warrior (petrifying) and an orc priest.

Vanquished Creatures
  Eustachio (D:6)
  2 sky beasts
  2 eyes of draining (D:3)
  An ogre (D:6)
  A phantom (D:6)
  Blork the orc (D:5)
  A scorpion (D:6)
  5 wights (D:6)
  3 crimson imps
  2 jellies (D:6)
  2 hounds
  4 orc priests
  8 worker ants
  4 orc wizards
  8 adders
  A gnoll (D:3)
  An ooze (D:1)
  A worm (D:2)
  9 dart slugs
  4 leopard geckos
  20 orcs
  5 giant cockroaches
  5 goblins
  7 hobgoblins
  14 jackals
  3 kobolds
  3 ball pythons
  7 bats
  6 frilled lizards
  A leopard gecko skeleton (D:5)
  A quokka skeleton (D:7)
  7 rats
140 creatures vanquished.

Notes
Turn   | Place    | Note
-------+----------+-------------------------------------------
     0 | D:1      | Amnesiac the Mummy Earth Elementalist began the quest for the Orb.
     0 | D:1      | Reached XP level 1. HP: 13/13 MP: 4/4
    85 | D:2      | Reached XP level 2. HP: 19/19 MP: 3/5
   171 | D:2      | Reached skill level 3 in Spellcasting
   292 | D:2      | Found an ancient bone altar of Kikubaaqudgha.
   366 | D:3      | Reached XP level 3. HP: 24/24 MP: 3/7
   443 | D:3      | Reached XP level 4. HP: 23/30 MP: 0/8
  1262 | D:3      | Reached skill level 1 in Short Blades
  1574 | D:3      | Reached XP level 5. HP: 22/35 MP: 0/9
  1743 | D:3      | Noticed an eye of draining
  1755 | D:3      | Learned a level 2 spell: Passwall
  1757 | D:3      | Learned a level 1 spell: Confusing Touch
  1762 | D:3      | Learned a level 4 spell: Petrify
  1870 | D:3      | Noticed an eye of draining
  1932 | D:3      | Killed an eye of draining
  1932 | D:3      | Reached skill level 4 in Spellcasting
  1974 | D:3      | Killed an eye of draining
  1974 | D:3      | Reached XP level 6. HP: 41/41 MP: 0/13
  2057 | D:3      | Found a bloodstained altar of Trog.
  2319 | D:4      | Reached skill level 5 in Spellcasting
  2464 | D:4      | Found a shattered altar of Ashenzari.
  2467 | D:4      | Became a worshipper of Ashenzari the Shackled
  2505 | D:4      | Found a staircase to the Ecumenical Temple.
  4444 | D:4      | Found a white marble altar of Elyvilon.
  4501 | D:4      | Found a hazy altar of Hepliaklqana.
  4508 | D:4      | Reached * piety under Ashenzari
  4616 | D:4      | Reached XP level 7. HP: 38/46 MP: 12/14
  4686 | D:5      | Entered Level 5 of the Dungeon
  5523 | D:5      | Reached skill level 6 in Spellcasting
  5692 | D:5      | Learned a level 5 spell: Lee's Rapid Deconstruction
  5698 | D:5      | Learned a level 5 spell: Yara's Violent Unravelling
  5717 | D:5      | Noticed Blork the orc
  5727 | D:5      | Killed Blork the orc
  5924 | D:6      | Reached XP level 8. HP: 50/52 MP: 11/17
  6268 | D:6      | Reached skill level 5 in Transmutations
  6268 | D:6      | Reached skill level 5 in Earth Magic
  6877 | D:6      | Noticed Eustachio
  6940 | D:6      | Killed Eustachio
  7340 | D:7      | Slain by an orc warrior

Vault maps used:
D:1:      onia_arrival_handbag, hangedman_decor_growths
D:2:      marbit_many_paths, first_ration
D:3:      grunt_ministairs_1, trog_eyes_of_draining
D:4:      nicolae_overflow_crystal_walls, nicolae_overflow_hidden_temple,
          ashenzari_conservatory_becter, minmay_temple_entry_grid
D:5:      kennysheep_slugbush, kennysheep_minor_cross, uniq_blork_the_orc
D:6:      uniq_eustachio
D:7:      lemuel_coloured_pillars_altar, kennysheep_little_box

Skill      XL: |  1  2  3  4  5  6  7  8 |
---------------+-------------------------+-----
Earth Magic    | 3 4 5 |  5.6
Spellcasting   | 3 4 5 6 |  6.5
Stealth        | 2 3 |  3.0
Short Blades   | 1 2 3 |  3.0
Transmutations | 2 3 4 5 |  5.6
Dodging        | |  1.5

Action                   |  1- 3 |  4- 6 |  7- 9 || total
-------------------------+-------+-------+-------++-------
Melee: Unarmed           |     7 |       |     2 ||     9
       Dagger            |       |   228 |   153 ||   381
Throw: Stone             |     1 |       |     1 ||     2
 Cast: Sandblast         |    25 |    85 |    53 ||   163
       Passwall          |       |     4 |     8 ||    12
       Petrify           |       |       |    20 ||    20
       Confusing Touch   |       |       |     2 ||     2
  Use: Scroll            |       |     1 |       ||     1
 Stab: Sleeping          |       |    12 |     7 ||    19
       Petrified         |       |       |    31 ||    31
       Distracted        |       |       |     1 ||     1
       Petrifying        |       |       |     3 ||     3
       Confused          |       |       |     2 ||     2
Armor: Robe              |     2 |    30 |    16 ||    48
Dodge: Dodged            |     4 |   121 |    75 ||   200

Table legend:
 A = Spawn XP
 B = Non-spawn XP
 C = Spawn XP percentage of total XP
 D = Spawn monster count
 E = Non-spawn monster count
 F = Spawn count percentage of total count
 G = Total turns spent on level
                    A         B        C        D         E        F      G
               +---------+---------+-------+---------+---------+-------+---------
         Total |       0 |    2636 |   0.0 |       0 |     140 |   0.0 |  7340
               +---------+---------+-------+---------+---------+-------+---------
           D:1 |       0 |      37 |   0.0 |       0 |      22 |   0.0 |   724
           D:2 |       0 |      68 |   0.0 |       0 |      18 |   0.0 |  1531
           D:3 |       0 |     415 |   0.0 |       0 |      27 |   0.0 |  1763
           D:4 |       0 |     244 |   0.0 |       0 |      17 |   0.0 |   990
           D:5 |       0 |     604 |   0.0 |       0 |      31 |   0.0 |   898
           D:6 |       0 |    1264 |   0.0 |       0 |      23 |   0.0 |  1390
           D:7 |       0 |       4 |   0.0 |       0 |       2 |   0.0 |    44
               +---------+---------+-------+---------+---------+-------+---------
